General information
- name: BNet
- type: Ladder team game (AT/RT)
- host: Battle.net
- saver: SMURF2RANDOM
map: RiverOfSouls
- players: 6
- length: 15:44
- speed: Fast
- version: 1.24 W3XP
- replay type: Public
» download(160 KB)
Players
team 1 (winner)
CAPTAINGARY (
orange | 143 APM | 2245 actions | 15:44)
5 Death Knight
3 Death Coil
2 Unholy Aura
3 Lich
2 Frost Nova
1 Dark Ritual
» actions
| Assign group hotkey | 42 | |
| Basic commands | 26 | |
| Build / train | 55 | |
| Enter build submenu | 17 | |
| Enter hero's abilities submenu | 8 | |
| Give item / drop item | 2 | |
| Right click | 1152 | |
| Select / deselect | 318 | |
| Select group hotkey | 551 | |
| Use ability | 74 | |
2245 total
» units
| Acolyte | 2 | |
| Ghoul | 1 | |
| Crypt Fiend | 13 | |
| Frost Wyrm | 6 | |
22 total
» upgrades
| Creature Attack | 3 | |
| Burrow | 1 | |
| Creature Carapace | 1 | |
| Web | 1 | |
| Freezing Breath | 1 | |
7 total
» buildings
| Crypt | 1 | |
| Graveyard | 1 | |
| Ziggurat | 7 | |
| Altar of Darkness | 1 | |
| Tomb of Relics | 1 | |
| Nerubian Tower | 1 | |
| Halls of the Dead | 1 | |
| Black Citadel | 1 | |
| Sacrificial Pit | 1 | |
| Boneyard | 2 | |
17 total
» build order
00:08 Crypt
00:10 Graveyard
00:18 Ziggurat
00:22 Altar of Darkness
00:46 Tomb of Relics
01:43 Ziggurat
02:06 Nerubian Tower
03:30 Halls of the Dead
03:42 Ziggurat
05:31 Ziggurat
06:24 Black Citadel
06:48 Sacrificial Pit
06:50 Ziggurat
06:51 Ziggurat
08:50 Boneyard
08:51 Boneyard
13:01 Ziggurat
» items
| Rod of Necromancy | 3 | |
| Dust of Appearance | 2 | |
| Scroll of Town Portal | 3 | |
| Potion of Healing | 3 | |
| Orb of Corruption | 1 | |
| Potion of Lesser Invulnerability | 1 | |
13 total
Chronic_w33D (
blue | 147 APM | 2317 actions | 15:44)
4 Priestess of the Moon
2 Searing Arrows
2 Trueshot Aura
» actions
| Assign group hotkey | 121 | |
| Basic commands | 183 | |
| Build / train | 52 | |
| Enter build submenu | 12 | |
| Enter hero's abilities submenu | 4 | |
| Remove unit from queue | 3 | |
| Right click | 1092 | |
| Select / deselect | 205 | |
| Select group hotkey | 595 | |
| Use ability | 50 | |
2317 total
» units
» upgrades
» buildings
| Altar of Elders | 1 | |
| Moon Well | 6 | |
| Hunter's Hall | 1 | |
| Ancient of War | 3 | |
11 total
» build order
00:08 Altar of Elders
00:19 Moon Well
01:44 Hunter's Hall
02:21 Ancient of War
02:24 Ancient of War
02:42 Moon Well
03:45 Moon Well
06:19 Moon Well
08:24 Moon Well
11:44 Moon Well
15:25 Ancient of War
notablefailure (
purple | 251 APM | 3949 actions | 15:44)
5 Keeper of the Grove
3 Entangling Roots
2 Thorns Aura
» actions
| Assign group hotkey | 2462 | |
| Basic commands | 180 | |
| Build / train | 48 | |
| Enter build submenu | 8 | |
| Enter hero's abilities submenu | 5 | |
| Give item / drop item | 1 | |
| Remove unit from queue | 1 | |
| Right click | 919 | |
| Select / deselect | 172 | |
| Select group hotkey | 104 | |
| Use ability | 49 | |
3949 total
» units
| Wisp | 10 | |
| Huntress | 9 | |
| Archer | 11 | |
| Glaive Thrower | 3 | |
33 total
» upgrades
| Strength of the Moon | 1 | |
| Moon Armor | 1 | |
2 total
» buildings
| Altar of Elders | 1 | |
| Moon Well | 4 | |
| Ancient of War | 2 | |
| Hunter's Hall | 1 | |
8 total
» build order
00:06 Altar of Elders
00:17 Moon Well
01:39 Ancient of War
01:42 Hunter's Hall
02:01 Ancient of War
02:17 Moon Well
03:51 Moon Well
06:21 Moon Well
» items
| Scroll of Protection | 2 | |
| Scroll of Healing | 1 | |
| Potion of Lesser Invulnerability | 1 | |
4 total
team 2 (loser)
SARAHDOWN (
teal | 56 APM | 885 actions | 15:42)
3 Priestess of the Moon
2 Searing Arrows
1 Trueshot Aura
» actions
| Assign group hotkey | 65 | |
| Build / train | 33 | |
| Enter build submenu | 9 | |
| Enter hero's abilities submenu | 3 | |
| Right click | 481 | |
| Select / deselect | 213 | |
| Select group hotkey | 60 | |
| Use ability | 21 | |
885 total
» units
» upgrades
» buildings
| Altar of Elders | 1 | |
| Moon Well | 5 | |
| Hunter's Hall | 1 | |
| Ancient of War | 2 | |
9 total
» build order
00:12 Altar of Elders
00:26 Moon Well
01:44 Hunter's Hall
01:49 Ancient of War
02:13 Ancient of War
02:38 Moon Well
02:44 Moon Well
02:58 Moon Well
06:27 Moon Well
SMURF2RANDOM (
green | 99 APM | 1563 actions | 15:44)
4 Death Knight
2 Death Coil
2 Unholy Aura
3 Lich
2 Frost Nova
1 Frost Armor
» actions
| Assign group hotkey | 171 | |
| Basic commands | 160 | |
| Build / train | 75 | |
| Enter build submenu | 16 | |
| Enter hero's abilities submenu | 7 | |
| Give item / drop item | 3 | |
| Right click | 628 | |
| Select / deselect | 269 | |
| Select group hotkey | 165 | |
| Use ability | 69 | |
1563 total
» units
| Acolyte | 2 | |
| Ghoul | 1 | |
| Crypt Fiend | 30 | |
| Frost Wyrm | 8 | |
41 total
» upgrades
| Burrow | 1 | |
| Web | 1 | |
| Creature Attack | 1 | |
| Creature Carapace | 1 | |
4 total
» buildings
| Graveyard | 1 | |
| Crypt | 1 | |
| Altar of Darkness | 1 | |
| Ziggurat | 6 | |
| Tomb of Relics | 1 | |
| Halls of the Dead | 4 | |
| Black Citadel | 1 | |
| Sacrificial Pit | 1 | |
| Boneyard | 2 | |
18 total
» build order
00:09 Graveyard
00:11 Crypt
00:14 Altar of Darkness
00:17 Ziggurat
00:46 Tomb of Relics
02:10 Ziggurat
02:59 Ziggurat
03:58 Halls of the Dead
03:59 Halls of the Dead
03:59 Halls of the Dead
05:15 Ziggurat
06:30 Black Citadel
06:35 Sacrificial Pit
08:04 Ziggurat
08:32 Ziggurat
08:56 Boneyard
09:07 Boneyard
» items
| Rod of Necromancy | 1 | |
| Dust of Appearance | 1 | |
| Orb of Corruption | 3 | |
| Scroll of Healing | 1 | |
| Potion of Healing | 2 | |
| Scroll of Town Portal | 2 | |
10 total
T-T) (
pink | 105 APM | 1654 actions | 15:41)
2 Keeper of the Grove
1 Entangling Roots
1 Force of Nature
» actions
| Assign group hotkey | 20 | |
| Basic commands | 130 | |
| Build / train | 58 | |
| Enter build submenu | 10 | |
| Enter hero's abilities submenu | 2 | |
| Remove unit from queue | 2 | |
| Right click | 846 | |
| Select / deselect | 321 | |
| Select group hotkey | 217 | |
| Use ability | 48 | |
1654 total
» units
» upgrades
| Strength of the Moon | 1 | |
| Moon Armor | 1 | |
2 total
» buildings
| Altar of Elders | 1 | |
| Moon Well | 4 | |
| Hunter's Hall | 1 | |
| Ancient of War | 2 | |
| Ancient of Wonders | 1 | |
9 total
» build order
00:05 Altar of Elders
00:19 Moon Well
01:28 Hunter's Hall
01:51 Ancient of War
02:20 Ancient of War
02:30 Moon Well
02:45 Moon Well
03:23 Ancient of Wonders
06:18 Moon Well
» items
| Lesser Clarity Potion | 6 | |
| Dust of Appearance | 1 | |
| Scroll of Protection | 2 | |
| Scroll of Healing | 2 | |
| Potion of Lesser Invulnerability | 1 | |
| Scroll of Town Portal | 1 | |
13 total
Chat log
(00:14 / Allies) SARAHDOWN: POTM
(00:18 / Allies) SMURF2RANDOM: guys
(00:20 / Allies) SMURF2RANDOM: protect me
(00:42 / Allies) SARAHDOWN: train good ne :o?
(00:47 / Allies) T-T): ya
(00:48 / Allies) SMURF2RANDOM: yea
(00:50 / Allies) T-T): very'
(00:52 / Allies) SARAHDOWN: k good
(00:54 / Allies) SMURF2RANDOM: train ne>mine
(00:58 / Allies) SMURF2RANDOM: na i lie
(01:00 / Allies) SMURF2RANDOM: my ne>all
(01:01 / Allies) SMURF2RANDOM: ^^
(01:09 / Allies) SARAHDOWN: mmm no
(01:11 / Allies) SMURF2RANDOM: yes
(01:12 / All) SARAHDOWN: gl hf
(01:30 / Allies) SARAHDOWN: give ud
(01:32 / Allies) SARAHDOWN: a few wisp
(01:38 / Allies) SARAHDOWN: to brake roots
(01:46 / All) SMURF2RANDOM: Wtf who scouts
(01:57 / All) CAPTAINGARY: well we dont cheat so....
(01:58 / Allies) SMURF2RANDOM: share
(02:00 / Allies) SMURF2RANDOM: control
(02:02 / Allies) SMURF2RANDOM: train
(02:20 / Allies) SARAHDOWN: rptech
(02:22 / Allies) SARAHDOWN: lol
(02:23 / Allies) SARAHDOWN: wtf
(02:23 / Allies) SMURF2RANDOM: ?
(02:24 / Allies) SARAHDOWN: protech
(02:31 / Allies) SARAHDOWN: TRAIN
(02:31 / Allies) SARAHDOWN: AH
(02:37 / Allies) SMURF2RANDOM: TRAIN SHARE
(03:05 / Allies) SARAHDOWN: share
(03:21 / Allies) SMURF2RANDOM: WISP
(03:21 / Allies) SMURF2RANDOM: TRAIN
(03:36 / Allies) SMURF2RANDOM: panic
(03:36 / Allies) SMURF2RANDOM: lol
(03:51 / Allies) SMURF2RANDOM: lumber
(04:20 / Allies) T-T): k im off phone
(04:20 / Allies) T-T): damn
(04:28 / Allies) SARAHDOWN: come me
(04:28 / Allies) SARAHDOWN: train
(04:32 / Allies) T-T): comin
(04:40 / Allies) T-T): run
(04:58 / Allies) T-T): gogo
(05:46 / Allies) SMURF2RANDOM: go
(06:14 / Allies) SMURF2RANDOM: WOW
(06:22 / Allies) SMURF2RANDOM: wood
(06:40 / Allies) SARAHDOWN: b
(06:41 / Allies) SARAHDOWN: sarah
(06:46 / Allies) T-T): comin
(07:02 / Allies) T-T): we all tp in
(07:03 / Allies) T-T): ill scroll
(07:04 / Allies) T-T): gold me
(07:05 / Allies) SARAHDOWN: no
(07:06 / Allies) SARAHDOWN: just
(07:06 / Allies) SARAHDOWN: walk
(08:14 / Allies) T-T): imna scroll again
(08:16 / Allies) SMURF2RANDOM: yea
(08:22 / Allies) T-T): mad important
(08:41 / Allies) SARAHDOWN: they obvi hack
(08:42 / Allies) SMURF2RANDOM: feed
(08:43 / Allies) SARAHDOWN: if ne hugging
(09:00 / Allies) T-T): micro them out
(09:01 / Allies) SARAHDOWN: turn
(09:01 / Allies) SMURF2RANDOM: b
(09:02 / Allies) T-T): to fountain
(09:13 / Allies) SARAHDOWN: zz
(09:23 / Allies) SMURF2RANDOM: b
(09:24 / Allies) T-T): b
(09:30 / Allies) T-T): u jsut give them hunts
(09:31 / Allies) SARAHDOWN: hunt
(09:38 / Allies) SMURF2RANDOM: that
(09:40 / Allies) SMURF2RANDOM: might be game
(09:43 / Allies) SMURF2RANDOM: gold
(09:49 / Allies) T-T): cause im not ud :(
(10:06 / Allies) T-T): they suck
(10:10 / Allies) SMURF2RANDOM: my ud
(10:11 / Allies) SMURF2RANDOM: isnt good
(10:11 / Allies) SMURF2RANDOM: O_O
(10:15 / Allies) SMURF2RANDOM: walk
(10:15 / Allies) SMURF2RANDOM: to me
(10:16 / Allies) SMURF2RANDOM: now
(10:17 / Allies) SARAHDOWN: i got no
(10:24 / Allies) SMURF2RANDOM: walk
(11:03 / Allies) T-T): fuckni guys
(11:41 / Allies) SMURF2RANDOM: feed
(11:45 / Allies) SARAHDOWN: clip archers
(11:50 / Allies) T-T): i nop lol
(12:21 / Allies) SARAHDOWN: b
(12:22 / Allies) SARAHDOWN: b
(12:27 / Allies) SMURF2RANDOM: lawl
(12:37 / Allies) SMURF2RANDOM: fee
(12:42 / Allies) SARAHDOWN: im dead
(12:42 / Allies) SARAHDOWN: zz
(12:49 / Allies) SMURF2RANDOM: i fucked up
(12:49 / Allies) SMURF2RANDOM: so hard
(12:50 / Allies) SMURF2RANDOM: my bad
(12:56 / Allies) SMURF2RANDOM: go
(12:57 / Allies) SMURF2RANDOM: train
(12:58 / Allies) SARAHDOWN: gg
(12:59 / Allies) SMURF2RANDOM: no
(13:00 / Allies) SMURF2RANDOM: hutup
(13:23 / All) CAPTAINGARY: ha.
(13:23 / All) notablefailure: MH MUCH?
(13:24 / All) notablefailure: lol
(13:28 / All) T-T): ?
(13:33 / All) T-T): if i ud u get raped again
(13:42 / Allies) T-T): tp sraah
(13:58 / Allies) SMURF2RANDOM: sac?
(14:00 / Allies) SMURF2RANDOM: or tp
(14:08 / Allies) T-T): tp ere
(14:10 / Allies) T-T): we walk
(14:16 / All) T-T): ya we hack LOL
(14:59 / Allies) T-T): so sad
(15:22 / All) SMURF2RANDOM: lost to trash noobs
(15:24 / All) SMURF2RANDOM: lol
(15:31 / All) T-T): who clearly mh
(15:34 / All) notablefailure: hackers down
(15:34 / All) T-T): gg nubs
(15:35 / All) notablefailure: lawl
(15:38 / All) CAPTAINGARY: hackers down
(15:38 / All) T-T): lucky i wasnt ud
(15:40 / All) Chronic_w33D: wcreplayus
(15:43 / All) Chronic_w33D: kingray